 Dungeon Crawl Stone Soup version 0.25.0-9-g26727b657a (webtiles) character file.

Game seed: 1114520235322142221

121 xccam the Insei (level 5, -2/33 HPs)
             Began as an Octopode Transmuter on June 17, 2020.
             Slain by a sky beast (6 damage)
             ... on level 2 of the Dungeon.
             The game lasted 00:02:48 (2656 turns).

xccam the Insei (Octopode Transmuter)               Turns: 2656, Time: 00:02:50

Health: -2/33      AC:  1    Str:  9    XL:     5   Next: 5%
Magic:  6/8        EV: 17    Int: 16    God:
Gold:   77         SH:  0    Dex: 13    Spells: 5/8 levels left

rFire    . . .     SeeInvis .     - Unarmed
rCold    . . .     Gourm    .   (no shield)
rNeg     . . .     Faith    .   (helmet restricted)
rPois    .         Spirit   .   n - amulet of magic regeneration
rElec    .         Reflect  .   g - +4 ring of evasion
rCorr    .         Harm     .   (no ring)
MR       .....                  (no ring)
Stlth    ++........             (no ring)
HPRegen  0.11/turn              (no ring)
MPRegen  0.36/turn              (no ring)
                                (no ring)
                                (no ring)

@: very slightly contaminated
A: almost no armour, stealthy swim, amphibious, 8 rings, constrict 8, camouflage
1, gelatinous body 1
a: no special abilities


You were on level 2 of the Dungeon.
You were hungry.

You visited 1 branch of the dungeon, and saw 3 of its levels.

You collected 77 gold pieces.

Inventory:

Missiles
 a - 34 arrows
Jewellery
 g - a +4 ring of evasion (left tentacle)
 n - an amulet of magic regeneration (around mantle)
Wands
 l - a wand of digging (6)
Scrolls
 b - 3 scrolls of identify {unknown}
 e - a scroll of immolation {unknown}
 i - 2 scrolls of fog {unknown}
 j - 2 scrolls of blinking {unknown}
 k - 3 scrolls of teleportation {unknown}
 o - a scroll of remove curse {unknown}
 p - a scroll of magic mapping {unknown}
 s - a scroll of noise {unknown}
Potions
 d - a potion of haste {unknown}
 f - a potion of heal wounds {unknown}
 h - a potion of resistance {unknown}
 m - 2 potions of brilliance {unknown}
 r - a potion of curing {unknown}
Comestibles
 c - 3 rations
 q - 4 chunks of flesh


   Skills:
 - Level 1.0 Fighting
 - Level 2.0 Dodging
 + Level 5.6 Unarmed Combat
 - Level 2.0 Spellcasting
 - Level 2.0 Transmutations


You had 5 spell levels left.
You knew the following spells:

 Your Spells              Type           Power        Failure   Level  Hunger
a - Beastly Appendage     Tmut           #.....       9%          1    #......
b - Sticks to Snakes      Tmut           #.......     14%         2    ###....

Your spell library contained the following spells:

 Spells                   Type           Power        Failure   Level  Hunger
 Spider Form              Tmut/Pois      #.........   38%         3    ###....
 Ice Form                 Ice/Tmut       #.......     80%         4    #####..
 Blade Hands              Tmut           #.........   94%         5    ######.


Dungeon Overview and Level Annotations

Branches:
Dungeon (3/15)

Altars:
Gozag
Wu Jian
Xom
Zin
The Shining One


Innate Abilities, Weirdness & Mutations

You cannot wear most types of armour.
You are very stealthy in the water. (Stealth+)
You are amphibious.
You can wear up to eight rings at the same time.
You can use your tentacles to constrict eight enemies at once.
Your skin changes colour to match your surroundings (Stealth+).
Your rubbery body absorbs attacks. (AC +1, EV +1)


Message History

Your tentacle spike disappears.
Your ball python bites the sky beast but does no damage.
The sky beast flickers out of sight!
Deactivating autopickup; reactivate with Ctrl-A.
Something closely misses you.
Your ball python misses something.
Your ball python completely misses something.
Your ball python bites something.
There is a stone staircase leading up here.
You climb upwards.
Reactivating autopickup.
There is a stone staircase leading down here.
Casting: Sticks to Snakes (safe; 14% risk of failure)
Confirm with . or Enter, or press ? or * to list all spells.
You miscast Sticks to Snakes.
You are very lightly contaminated with residual magic.
Nothing appears to happen.
Something hits you.
* * * LOW HITPOINT WARNING * * *
Something shocks you.
You die...

............#######..# #.#
.#####.###...........# #.# .#
#.# #..#######.## #.# .# #.#
#...# #.# #.# .# ###.###...##
#.# #.# .#
#.....#.#..#####.####.# .#
#................#.##.#
.###.....#.##..######.##.#
.#.......#.##.>.@........#
.#._.....#.##########.##)#
.#.......#.##.......#[##.#
.......<...##............####
.############.......#.......#
........# #.#####...#######
#.......# #.# ###.# ##..###.#
#.# #.##### .##..##.##
#.#######.....#


There were no monsters in sight!

Vanquished Creatures
  6 adders
  2 worms (D:2)
  A dart slug (D:2)
  10 orcs (D:3)
  3 giant cockroaches
  5 goblins
  4 hobgoblins
  3 jackals (D:1)
  7 bats
  2 frilled lizards (D:3)
  4 kobolds
  7 rats
54 creatures vanquished.

Notes
Turn   | Place    | Note
-------+----------+-------------------------------------------
     0 | D:1      | xccam the Octopode Transmuter began the quest for the Orb.
     0 | D:1      | Reached XP level 1. HP: 13/13 MP: 3/3
   458 | D:1      | Reached XP level 2. HP: 16/18 MP: 5/5
   468 | D:1      | Learned a level 2 spell: Sticks to Snakes
  1197 | D:2      | Found an opulent altar of Gozag.
  1220 | D:2      | Found a glowing golden altar of the Shining One.
  1301 | D:2      | Reached skill level 4 in Unarmed Combat
  1301 | D:2      | Reached XP level 3. HP: 23/23 MP: 6/6
  1524 | D:2      | Found an ornate altar of the Wu Jian Council.
  1591 | D:2      | Noticed an angel
  1593 | D:2      | Found a shimmering altar of Xom.
  1594 | D:2      | Found a glowing silver altar of Zin.
  1717 | D:2      | Reached XP level 4. HP: 28/28 MP: 7/7
  2135 | D:3      | Reached skill level 5 in Unarmed Combat
  2591 | D:3      | Reached XP level 5. HP: 33/33 MP: 8/8
  2612 | D:3      | Noticed a sky beast
  2656 | D:2      | Slain by a sky beast

Illustrated notes

Levels and vault maps discovered:
D:1:      dpeg_arrival_arbitrary_a, layout_loops_ring, kennysheep_minor_cross
D:2:      layout_basic, grunt_temple_overflow_order_and_chaos_1,
          old_standard_altar, nicolae_gozag_seed_capital, tso_metal_star
D:3:      layout_loops_ring, first_ration

Skill      XL: |  1  2  3  4 |
---------------+-------------+-----
Unarmed Combat | 4 5 |  5.6
Fighting       | |  1.0
Dodging        | |  2.0
Spellcasting   | |  2.0
Transmutations | |  2.0

Action                   |  1- 3 |  4- 6 || total
-------------------------+-------+-------++-------
Melee: Unarmed           |    85 |    57 ||   142
       Constrict         |    21 |    16 ||    37
       Tentacles         |    10 |     6 ||    16
       Kick              |       |     6 ||     6
       Punch             |       |     2 ||     2
 Cast: Beastly Appendage |       |     2 ||     2
       Sticks to Snakes  |       |     1 ||     1
 Stab: Sleeping          |     7 |     1 ||     8
  Eat: Chunk             |     2 |     3 ||     5
Armor: Skin              |    11 |       ||    11
Dodge: Dodged            |    65 |    33 ||    98
